Match 44740919
Unlisted

Match 44740919
End
Scout Squad
Selects Airborne Battlegroup
Selects Pathfinders
Pathfinder Squad
Construct Weapon Support Center
Bazooka Squad
Bazooka Squad
M1919 Machine Gun Team
Selects Paratrooper Squad Paradrop
Infantry Support Center
M3 Armored Personnel Carrier
M3 Armored Personnel Carrier
Construct Medical Station
Selects Anti-tank Gun Team Paradrop
Pie-Eater
BitofaLiability
L320Y
Daveos
XD
つはっみ /人◕ ‿‿ ◕人\®
markghez
sniperVI
0
0

Comments sign in to comment!

No comments posted yet!